Map: Alcyone LE

Players

Backspace

  • Race: Terran Terran
  • League: Diamond
  • Spawn Location: 7:00

TwentyQueens - Winner!

  • Race: Zerg Zerg
  • League: Diamond
  • Spawn Location: 1:00

VOD

Have the link to the VOD?

Description

Time

  • Played on: July 31, 2024, 3:07 p.m.
  • Length: 7:49
Show
View Real Time Build Order
Export as new Build Order

Backspace Terran 

Build Orders:  

Get SALT Encoding   

  12  0:00  SCV  
  13  0:12  SCV  
  14  0:17  Supply Depot  
  14  0:24  SCV  
  15  0:39  SCV, Barracks  
  16  0:46  Refinery  
  16  0:51  SCV  
  17  1:03  SCV  
  18  1:15  SCV  
  19  1:27  SCV  
  19  1:31  Reaper  
  21  1:36  Command Center  
  21  1:39  SCV  
  22  1:54  Orbital Command  
  22  1:59  Supply Depot  
  22  2:03  Reaper  
  23  2:16  Refinery  
  23  2:21  SCV  
  24  2:25  Factory  
  24  2:32  Engineering Bay  
  24  2:42  SCV  
  25  2:47  Barracks  
  25  2:50  Orbital Command  
  25  2:55  SCV  
  26  2:59  Barracks Reactor  
  26  3:07  SCV  
  26  3:21  SCV  
  26  3:25  SCV  
  28  3:28  Command Center  
  28  3:34  Supply Depot  
  28  3:37  Marine x2  
  28  3:38  Factory Tech Lab  
  30  3:50  SCV  
  30  3:51  SCV  
  30  3:53  Barracks Tech Lab  
  32  3:57  Marine x2, Siege Tank  
  37  4:03  SCV  
  37  4:09  SCV  
  38  4:10  Supply Depot  
  38  4:12  Stimpack  
  38  4:13  Marine  
  38  4:15  Marine, SCV  
  41  4:20  Marine  
  41  4:22  SCV  
  43  4:25  Refinery  
  43  4:27  SCV  
  43  4:30  Marine  
  45  4:32  Barracks  
  45  4:35  Siege Tank  
  45  4:38  SCV  
  49  4:40  SCV  
  49  4:44  Orbital Command  
  50  4:52  SCV  
  51  4:53  Marine x3  
  54  5:05  SCV x2  
  56  5:10  Marine, SCV  
  56  5:11  Marauder, Marine, Refinery  
  56  5:12  Siege Tank  
  63  5:17  SCV  
  63  5:19  SCV  
  63  5:21  Barracks Reactor  
  65  5:23  SCV  
  65  5:24  Starport  
  66  5:29  Marine x2  
  66  5:30  SCV  
  66  5:34  Marine  
  71  5:35  SCV  
  71  5:39  SCV  
  72  5:45  Supply Depot  
  72  5:47  Marine x2, Supply Depot  
  72  5:48  Engineering Bay  
  72  5:49  Engineering Bay  
  77  5:50  Siege Tank  
  77  5:52  Orbital Command, SCV  
  78  6:00  Starport Reactor  
  78  6:02  Combat Shield  
  78  6:07  SCV x2  
  80  6:11  Armory  
  80  6:13  Marine x2  
  80  6:14  Marauder  
  84  6:19  SCV  
  84  6:20  Supply Depot  
  84  6:24  Barracks  
  84  6:26  Barracks  
  84  6:31  Marine x2  
  84  6:32  Marine  
  87  6:35  Marauder  
  88  6:46  Marine  
  75  6:47  Medivac  
  75  6:49  Marine x2  
  75  6:51  Supply Depot  
  75  6:54  SCV, Supply Depot  
  79  6:55  SCV  
  79  6:56  Marauder  
  82  7:03  Marine  
  82  7:04  Marine  
  66  7:17  Marine x2  
  66  7:18  Marauder  
  66  7:21  Marine x2  
  66  7:22  Supply Depot  
  62  7:23  SCV x2  
  62  7:27  Barracks Reactor  
  62  7:28  Barracks Tech Lab  
  63  7:42  Missile Turret  
Show
View Real Time Build Order
Export as new Build Order

TwentyQueens Zerg - Winner!

Build Orders: Hatch First 

Get SALT Encoding   

  12  0:00  Drone  
  13  0:13  Overlord  
  13  0:17  Drone  
  14  0:31  Drone x2  
  16  0:50  Hatchery  
  16  0:53  Drone  
  16  0:56  Drone  
  17  1:02  Drone  
  18  1:11  Extractor  
  18  1:16  Spawning Pool  
  16  1:19  Drone  
  16  1:22  Drone  
  18  1:28  Drone  
  19  1:41  Drone  
  20  1:50  Drone  
  21  2:03  Queen x2, Zergling x2  
  21  2:04  Zergling x2  
  27  2:12  Overlord  
  27  2:15  Drone  
  28  2:16  Metabolic Boost  
  28  2:30  Drone  
  28  2:31  Drone  
  28  2:34  Drone  
  31  2:38  Drone  
  31  2:44  Queen x2  
  36  2:54  Overlord  
  38  3:12  Drone x3  
  38  3:13  Drone x2  
  40  3:21  Drone x4  
  44  3:34  Overlord  
  44  3:35  Overlord  
  44  3:46  Spore Crawler  
  43  3:52  Queen  
  43  3:54  Drone  
  43  3:55  Drone x5  
  53  4:05  Drone x5  
  57  4:15  Extractor, Lair  
  54  4:18  Extractor  
  54  4:19  Extractor  
  54  4:21  Hatchery  
  54  4:22  Overlord  
  54  4:23  Overlord  
  51  4:38  Drone  
  52  4:39  Drone x3  
  55  4:45  Spore Crawler  
  54  5:09  Drone  
  56  5:14  Drone  
  56  5:15  Spire, Overlord x4, Zergling x2  
  56  5:16  Zergling x2  
  56  5:17  Zergling x10  
  56  5:19  Overseer  
  62  5:22  Queen  
  62  5:23  Queen  
  66  5:33  Queen  
  68  5:37  Zergling x2  
  68  5:38  Zergling x6  
  68  5:41  Baneling Nest, Zergling x2  
  68  5:42  Zergling x4  
  74  5:43  Zergling x2  
  74  5:44  Zergling x2  
  74  5:48  Zergling x2  
  77  5:50  Zergling x2  
  77  5:55  Zergling x2  
  77  5:56  Zergling x2  
  80  6:02  Zergling x6  
  83  6:08  Overlord, Zergling x4  
  83  6:09  Zergling x4  
  87  6:13  Zergling x8  
  87  6:18  Zergling x2  
  92  6:29  Zergling x10  
  75  6:48  Mutalisk x9  
  75  6:49  Mutalisk  
  75  6:52  Baneling x6  
  83  7:16  Zergling x20  
  93  7:27  Drone x2  
  95  7:31  Evolution Chamber  
  95  7:32  Evolution Chamber  
  95  7:33  Baneling x4  
  95  7:34  Baneling x2  
Tags
 
Matchup
TvZ
Spawn Locations
Cross Positions
Add a new tag
Caveats
  • Supply blocks, unpowered buildings, or Contaminate may cause inaccurate times.
  • Supply counts are checked every 10 seconds.